 Dungeon Crawl Stone Soup version 0.28-a0-919-g0b5b508569 (webtiles) character file.

Game seed: 11939474129095650441

651 lunkers the Magician (level 7, -2/54 HPs)
             Began as a Djinni Cinder Acolyte on Nov 25, 2021.
             Was a High Priest of Ignis.
             Shot with an arrow by a centaur (4 damage)
             ... on level 5 of the Dungeon.
             The game lasted 00:04:54 (6663 turns).

lunkers the Magician (Djinni Cinder Acolyte)        Turns: 6663, Time: 00:04:55

Health: -2/54      AC:  4    Str: 13    XL:     7   Next: 84%
Gold:   172        EV: 11    Int: 17    God:    Ignis [*****.] SH:  0 Dex:  9

rFire   + + .      SeeInvis .   a - +10 club
rCold   . . .      Faith    .   (no shield)
rNeg    + . .      Spirit   .   b - +0 robe
rPois   ∞          Reflect  .   s - +0 helmet
rElec   .          Harm     .   x - +0 cloak
rCorr   .          Rampage  .   (no gloves)
Will    .....                   (boots unavailable)
Stlth   +.........              (no amulet)
HPRegen 0.18/turn               m - ring of ice
MPRegen 0.00/turn               z - ring of positive energy

@: flying
A: sickness immunity, fire resistance 2, cold vulnerability 1, float, innate
caster, hp casting, extra vitality 1
a: Renounce Religion, Fiery Armour, Foxfire Swarm, Rising Flame


You were on level 5 of the Dungeon.
You worshipped Ignis.
Ignis was extremely pleased with you.
You visited 1 branch of the dungeon, and saw 5 of its levels.

You collected 172 gold pieces.

Inventory:

Hand Weapons
 a - a +10 club (weapon)
 e - a +0 quarterstaff
 u - a +1 dagger of pain
 w - a -1 short sword of flaming
Missiles
 A - 4 curare-tipped darts
Armour
 b - a +0 robe (worn)
 r - a +0 buckler
 s - a +0 helmet (worn)
 x - a +0 cloak (worn)
Jewellery
 m - a ring of ice (left hand)
 z - a ring of positive energy (right hand)
Wands
 v - a wand of digging (4)
 y - a wand of mindburst (11)
Scrolls
 i - 3 scrolls of immolation {unknown}
 l - 6 scrolls of identify {unknown}
 n - a scroll of teleportation {unknown}
 p - a scroll of enchant armour {unknown}
 t - 2 scrolls of amnesia {unknown}
Potions
 c - a potion of flight {unknown}
 d - 2 potions of heal wounds {unknown}
 f - a potion of cancellation {unknown}
 g - a potion of lignification {unknown}
 h - a potion of might {unknown}
 j - 2 potions of curing {unknown}
 k - a potion of haste {unknown}
 o - a potion of brilliance {unknown}
 q - a potion of resistance {unknown}
 B - a potion of magic {unknown}


   Skills:
 + Level 5.4 Fighting
 - Level 2.6 Short Blades
 * Level 5.5 Spellcasting


You had 9 spell levels left.
You knew the following spells:

 Your Spells              Type           Power      Damage    Failure   Level
a - Stone Arrow           Conj/Erth      46%        3d9       4%          3
b - Call Imp              Summ           23%        N/A       1%          2
c - Freeze                Ice            100%       1d11      1%          1
p - Scorch                Fire           46%        2d7       1%          2
Your spell library was empty.

Dungeon Overview and Level Annotations

Branches:
Dungeon (5/15)
 Temple: D:4-7

Altars:
Okawaru


Innate Abilities, Weirdness & Mutations

You are immune to sickness and miasma.
You are immune to poison.
Your flesh is very heat resistant. (rF++)
You are vulnerable to cold. (rC-)
You float through the air rather than walking.
You learn spells naturally, not from books.
Your magical power is your life essence.
You have superior vitality. (+4 HP)


Message History

Done exploring.
No target in view!
Key pressed, stopping explore.
No target in view!
Done exploring.
(D) Dungeon
Where to? (Enter - D:4, ? - help)
What level of the Dungeon? (default 1, ? - help)
There is a stone staircase leading down here.
You fly downwards.
Found a glowing scarf and a flail.
There is a stone staircase leading up here.
An ogre is nearby!
An ogre is nearby!
A centaur comes into view.
The centaur shouts!
The centaur wields a +0 shortbow.
The centaur shoots an arrow.
The arrow hits you!
Casting: Stone Arrow (dangerous; 4% risk of failure)
Confirm with . or Enter, or press ? or * to list all spells.
The stone arrow hits the ogre!!
The ogre is severely wounded.
The centaur shoots an arrow.
The arrow hits you!
Lua error: ...ter/crawl-git-0b5b508569/data/dat/clua/automagic.lua:202: Cannot currently process new keys (there is pending input)
Casting: Stone Arrow (dangerous; 4% risk of failure)
Confirm with . or Enter, or press ? or * to list all spells.
The stone arrow hits the ogre!
You kill the ogre!
* * * LOW HITPOINT WARNING * * *
The centaur shoots an arrow.
The arrow hits you!
* * * LOW HITPOINT WARNING * * *
The centaur shoots an arrow.
The arrow hits you!
* * * LOW HITPOINT WARNING * * *
The centaur shoots an arrow.
The arrow hits you!
* * * LOW HITPOINT WARNING * * *
There is a stone staircase leading up here.
The centaur shoots an arrow.
The arrow hits you.
* * * LOW HITPOINT WARNING * * *
The centaur shoots an arrow.
The arrow hits you.
You die...

....####.
##.......
.#........
.......#.# #
.......#.####.#
##.............
..)....[...#
..c..)...@.#
.................
.................
.#.........##....
####........ ...
#......... ..
#.......... .
..........©


You could see a centaur.

Vanquished Creatures
  Edmund (D:4)
  An ogre (D:5)
  2 scorpions
  A bullfrog zombie (D:4)
  2 hounds
  An orc priest (D:3)
  Ijyb (D:3)
  A hound skeleton (D:4)
  Robin (D:3)
  6 adders
  An ufetubus (D:4)
  2 worms (D:2)
  2 dart slugs
  9 orcs
  3 endoplasms
  3 giant cockroaches
  16 goblins
  5 hobgoblins
  6 jackals
  7 kobolds
  4 quokkas
  4 ball pythons
  5 bats
  2 frilled lizards
  2 rats (D:1)
88 creatures vanquished.

Notes
Turn   | Place    | Note
-------+----------+-------------------------------------------
     0 | D:1      | lunkers the Djinni Cinder Acolyte began the quest for the
                  | Orb.
     0 | D:1      | Reached XP level 1. HP: 20/20 MP: 0/0
   272 | D:1      | Reached XP level 2. HP: 16/25 MP: 0/0
   995 | D:1      | Reached XP level 3. HP: 25/30 MP: 0/0
   995 | D:1      | Learned a level 1 spell: Freeze
  1484 | D:2      | Found a faded altar of an unknown god.
  1875 | D:2      | Reached XP level 4. HP: 20/35 MP: 0/0
  2811 | D:3      | Noticed Robin
  3098 | D:3      | Reached XP level 5. HP: 34/41 MP: 0/0
  3098 | D:3      | Learned a level 2 spell: Call Imp
  3443 | D:3      | Found an iron altar of Okawaru.
  4019 | D:3      | Noticed Ijyb
  4027 | D:3      | Killed Ijyb
  4763 | D:3      | Killed Robin
  4764 | D:3      | Reached XP level 6. HP: 36/47 MP: 0/0
  5741 | D:4      | Noticed Edmund
  5755 | D:4      | Killed Edmund
  5756 | D:4      | Reached skill level 5 in Fighting
  5756 | D:4      | Reached skill level 5 in Spellcasting
  5756 | D:4      | Reached XP level 7. HP: 40/54 MP: 0/0
  5756 | D:4      | Learned a level 3 spell: Stone Arrow
  6656 | D:5      | Entered Level 5 of the Dungeon
  6663 | D:5      | HP: 2/54 [centaur/arrow (5)]
  6663 | D:5      | Shot with an arrow by a centaur

Illustrated notes

Levels and vault maps discovered:
D:1:      dpeg_arrival_arbitrary_a, layout_loops_ring, roderic_roman_lattice
D:2:      layout_basic, hellmonk_ecumenical_altar_leap_of_faith
D:3:      layout_loops_cross, mainiacjoe_overflow_paths,
          serial_co_window_serial, co_window_paths_a,
          co_window_of_opportunity_a, co_window_paths_b, co_window_paths_a,
          co_window_paths_b, co_window_paths_a, co_window_paths_a,
          co_window_of_opportunity_a, co_window_paths_a,
          co_window_of_opportunity_c, co_window_broadway_c, co_window_2corner,
          co_window_unsneaky_path_e, co_window_paths_e, glass_columns_a,
          uniq_robin, uniq_ijyb
D:4:      layout_loops_corners, hex_large, uniq_edmund
D:5:      layout_cave_pools, nicolae_overflow_crystal_walls, marbit_many_paths,
          old_standard_altar, gammafunk_ghost_mausoleum

Skill      XL: |  1  2  3  4  5  6 |
---------------+-------------------+-----
Spellcasting   | 3 4 5 |  5.5
Fighting       | 4 5 |  5.4
Short Blades   | |  2.6

Action                   |  1- 3 |  4- 6 |  7- 9 || total
-------------------------+-------+-------+-------++-------
Melee: Short sword       |    59 |       |       ||    59
       Club              |       |    13 |       ||    13
 Cast: Freeze            |    31 |    81 |       ||   112
       Scorch            |       |     5 |       ||     5
       Call Imp          |       |     2 |       ||     2
       Stone Arrow       |       |       |    16 ||    16
 Stab: Sleeping          |     1 |       |       ||     1
Armor: Robe              |    24 |    18 |       ||    42
Dodge: Dodged            |    65 |    59 |       ||   124

Table legend: (Time is in decaauts)
 A = Elapsed time spent in this place.
 B = Non-inter-level travel time spent in this place.
 C = Inter-level travel time spent in this place.
 D = Time resting spent in this place.
 E = Time spent auto-exploring this place.
 F = Levels seen in this place.
 G = Mean time per level.
                   A        B        C        D        E       F      G
               +--------+--------+--------+--------+--------+-----+--------+
         Total |   6668 |   6267 |    401 |    723 |   4902 |   5 | 1333.6 |
       Dungeon |   6668 |   6267 |    401 |    723 |   4902 |   5 | 1333.6 |
               +--------+--------+--------+--------+--------+-----+--------+

Top non-repeatable levels by time:
     D:3: 2430 daAuts
     D:2: 1601 daAuts
     D:4: 1434 daAuts
     D:1: 1195 daAuts
     D:5: 6 daAuts
